 Dungeon Crawl Stone Soup version 0.28-a0-249-g9004c80361 (webtiles) character file.

Game seed: 13836002175666641352

542 cewb the Digger (level 7, -3/54 HPs)
             Began as a Gargoyle Earth Elementalist on Aug 26, 2021.
             Slain by an orc warrior (6 damage)
             ... on level 5 of the Dungeon.
             The game lasted 00:11:28 (4848 turns).

cewb the Digger (Gargoyle Earth Elementalist)       Turns: 4848, Time: 00:11:29

Health: -3/54      AC: 23    Str: 11    XL:     7   Next: 27%
Magic:  0/13       EV:  2    Int: 18    God:
Gold:   116        SH:  0    Dex: 10    Spells: 11/15 levels left

rFire   . . .      SeeInvis .   d - +0 whip
rCold   . . .      Faith    .   (no shield)
rNeg    + + +      Spirit   .   (armour currently unavailable)
rPois   ∞          Reflect  .   (helmet currently unavailable)
rElec   .          Harm     .   (cloak currently unavailable)
rCorr   .          Rampage  .   (gloves currently unavailable)
Will    .....      NoTele   +   (boots currently unavailable)
Stlth   ++........              (no amulet)
HPRegen 0.18/turn               (no ring)
MPRegen 0.13/turn               (no ring)

@: tree-form (expiring)
A: stationary, stasis, torment immunity, boosted hp, sickness immunity, AC +4,
negative energy resistance 1, (electricity resistance), torment resistance 1,
petrification resistance
a: no special abilities


You were on level 5 of the Dungeon.
You were a tree.
You visited 1 branch of the dungeon, and saw 5 of its levels.

You collected 176 gold pieces.
You spent 60 gold pieces at shops.

Inventory:

Hand Weapons
 d - a +0 whip (weapon)
 m - a +0 flail
Missiles
 c - 139 stones
Armour
 a - a +2 robe of willpower (melded)
 e - a +2 helmet (melded)
 p - a +0 pair of gloves (melded)
Magical Staves
 j - a staff of cold
Jewellery
 f - a +4 ring of protection
Scrolls
 g - a scroll of teleportation
Potions
 k - a potion of flight


   Skills:
 - Level 1.5 Dodging
 - Level 2.1 Stealth
 + Level 4.5 Spellcasting
 + Level 4.1 Conjurations
 - Level 0.7 Transmutations
 + Level 6.4 Earth Magic


You had 11 spell levels left.
You knew the following spells:

 Your Spells              Type           Power      Damage    Failure   Level
a - Sandblast             Erth           54%        2d13      1%          1
b - Stone Arrow           Conj/Erth      46%        3d9       4%          3

Your spell library contained the following spells:

 Spells                   Type           Power      Damage    Failure   Level
 Passwall                 Tmut/Erth      14%        N/A       4%          2
 Petrify                  Tmut/Erth      17%        N/A       32%         4


Dungeon Overview and Level Annotations

Branches:
Dungeon (5/15)
 Temple: D:4-7

Altars:
Gozag
Nemelex Xobeh

Shops:
D:3 !

Annotations:
D:4 1 runed translucent door, stripedtigrrr's ghost, amateur OpAK


Innate Abilities, Weirdness & Mutations

You are a tree.
Your roots penetrate the ground, keeping you stationary.
You cannot be teleported.
You are immune to unholy pain and torment.
Your maximum health is greatly increased.
Your equipment is partially melded.
You are immune to sickness and miasma.
((Your stone body is resilient. (AC +4)))
You are immune to poison.
You resist negative energy. (rN+)
((You are resistant to electric shocks. (rElec)))
You are resistant to unholy torment.
You are immune to petrification.


Message History

As you read the scroll of summoning, it crumbles to dust.
Wisps of shadow whirl around you...
The orc warrior hits you with a +0 short sword.
* * * LOW HITPOINT WARNING * * *
Unknown command.
Unknown command.
What are your orders? t - Creak!
Orders for allies: a - Attack new target. p - Attack previous target. r - Retreat! s - Stop attacking. g - Guard the area. f - Follow me.
Anything else - Cancel.
Gang up on whom?
Press: ? - help, Dir - move target, f/p - orc warrior
Aim: an orc warrior, wielding a +0 short sword and wearing a +0 plate armour (lightly wounded, ally target) Attack!
The orc warrior hits you but does no damage.
Unknown command.
Unknown command.
Unknown command.
The orc warrior hits you with a +0 short sword!
* * * LOW HITPOINT WARNING * * *
Unknown command.
You hear the slow rusting of a very distant drain.
You hear the slow hiss of an avalanche of sand nearby.
Your transformation is almost over.
The orc warrior hits you but does no damage.
Unknown command.
Casting: Sandblast (safe; 1% risk of failure)
Confirm with . or Enter, or press ? or * to list all spells.
Aiming: Sandblast (safe; 1% risk of failure)
Press: ? - help, Shift-Dir - straight line, f/p - orc warrior
Aim: an orc warrior, wielding a +0 short sword and wearing a +0 plate armour (lightly wounded, ally target, 81% to hit)
The blast of sand hits the orc warrior but does no damage.
The orc warrior is lightly wounded.
The orc warrior hits you but does no damage.
As you read the scroll of summoning, it crumbles to dust.
Wisps of shadow whirl around you...
The orc warrior hits you with a +0 short sword.
You die...

#.# #o## ###..## ##
##....#. ... ##.......
.... #........ .....
#...)<...
.....J##########........
.#.$.WO♣ooo........)....
.....O############...##.
.#... ##### # .... .#.
.. .


You could see an orc warrior (ally target), 2 orcs, a friendly phantom
(summoned), 2 friendly ogres and a friendly jelly (summoned).

Vanquished Creatures
  Edmund (D:5)
  A centaur (D:5)
  2 jellies
  An iguana (D:4)
  Jessica (D:3)
  An orc wizard (D:3)
  Robin (D:4)
  6 adders
  3 gnolls (D:4)
  An ufetubus (D:4)
  A worm (D:2)
  10 orcs
  6 ball pythons
  3 bats
  5 endoplasms
  5 giant cockroaches
  16 goblins
  4 hobgoblins (D:4)
  3 jackals (D:2)
  4 quokkas
  A frilled lizard (D:2)
  8 kobolds
  A quokka skeleton (D:4)
  23 rats
108 creatures vanquished.

Vanquished Creatures (collateral kills)
  A bat (D:1)
1 creature vanquished.

Grand Total: 109 creatures vanquished

Notes
Turn   | Place    | Note
-------+----------+-------------------------------------------
     0 | D:1      | cewb the Gargoyle Earth Elementalist began the quest for
                  | the Orb.
     0 | D:1      | Reached XP level 1. HP: 10/10 MP: 3/3
   154 | D:1      | Reached XP level 2. HP: 5/15 MP: 0/5
   164 | D:1      | Reached skill level 4 in Earth Magic
  1374 | D:1      | Reached XP level 3. HP: 14/19 MP: 6/6
  1378 | D:1      | Learned a level 3 spell: Stone Arrow
  1838 | D:2      | Reached skill level 1 in Conjurations
  2119 | D:2      | Found a faded altar of an unknown god.
  2315 | D:2      | Reached XP level 4. HP: 17/24 MP: 5/8
  2625 | D:3      | Noticed Jessica
  2628 | D:3      | Killed Jessica
  2629 | D:3      | Reached skill level 5 in Earth Magic
  2669 | D:3      | Reached XP level 5. HP: 24/28 MP: 9/9
  2737 | D:3      | Found an opulent altar of Gozag.
  3370 | D:3      | Found Hebb's Distillery.
  3406 | D:3      | Bought a potion of heal wounds for 50 gold pieces
  3406 | D:3      | Bought a potion of degeneration for 10 gold pieces
  3785 | D:4      | Found a sparkling altar of Nemelex Xobeh.
  3932 | D:4      | Reached XP level 6. HP: 32/32 MP: 6/11
  4075 | D:4      | Noticed Robin
  4119 | D:4      | Killed Robin
  4461 | D:4      | Found a runed translucent door.
  4475 | D:4      | Noticed stripedtigrrr's ghost (amateur OpAK)
  4786 | D:5      | Entered Level 5 of the Dungeon
  4786 | D:5      | Noticed Edmund
  4792 | D:5      | Noticed an orc warrior
  4798 | D:5      | Killed Edmund
  4799 | D:5      | Reached skill level 6 in Earth Magic
  4799 | D:5      | Reached XP level 7. HP: 27/36 MP: 2/13
  4845 | D:5      | HP: 2/54 [orc warrior (10)]
  4848 | D:5      | Slain by an orc warrior

Illustrated notes

Levels and vault maps discovered:
D:1:      heliophobic_arrival_ceremonial_halls, layout_basic, minmay_bisected
D:2:      layout_basic, shapermc_ecumenical_altar_mp_vishouse
D:3:      layout_loops_ring, nicolae_gozag_seed_capital, serial_shops,
          nicolae_lakefront_shop, minmay_rat_hole, uniq_jessica
D:4:      layout_rooms, nemelex_xobeh_ov_fountains_minmay,
          ebering_ghost_reflecting_pool, minivault_5, corexii_corridor_pit,
          uniq_robin
D:5:      layout_rooms, cheibrodos_sewer_entry_bend, enter_ossuary_3,
          corexii_hall_statues_i, glass_columns_c, uniq_edmund

Skill      XL: |  1  2  3  4  5  6  7 |
---------------+----------------------+-----
Earth Magic    | 4 5 6 |  6.4
Conjurations   | 1 2 3 4 |  4.1
Spellcasting   | 3 4 |  4.5
Dodging        | |  1.5
Stealth        | |  2.1
Transmutations | |  0.7

Action                   |  1- 3 |  4- 6 |  7- 9 || total
-------------------------+-------+-------+-------++-------
Melee: Unarmed           |     7 |       |       ||     7
       Whip              |   129 |   201 |    23 ||   353
 Cast: Sandblast         |    29 |    47 |     7 ||    83
       Stone Arrow       |       |     1 |       ||     1
  Use: Scroll            |     7 |     3 |     2 ||    12
       Potion            |       |     4 |     3 ||     7
 Stab: Distracted        |       |     1 |       ||     1
       Sleeping          |       |     1 |       ||     1
Armor: Robe              |    72 |   119 |     2 ||   193
       Skin              |       |       |    19 ||    19
Dodge: Dodged            |   124 |   130 |     6 ||   260

Table legend: (Time is in decaauts)
 A = Elapsed time spent in this place.
 B = Non-inter-level travel time spent in this place.
 C = Inter-level travel time spent in this place.
 D = Time resting spent in this place.
 E = Time spent auto-exploring this place.
 F = Levels seen in this place.
 G = Mean time per level.
                   A        B        C        D        E       F      G
               +--------+--------+--------+--------+--------+-----+--------+
         Total |   4850 |   4707 |    143 |    208 |   3561 |   5 |  970.0 |
       Dungeon |   4850 |   4707 |    143 |    208 |   3561 |   5 |  970.0 |
               +--------+--------+--------+--------+--------+-----+--------+

Top non-repeatable levels by time:
     D:1: 1605 daAuts
     D:3: 1338 daAuts
     D:4: 989 daAuts
     D:2: 865 daAuts
     D:5: 51 daAuts
